 Dungeon Crawl Stone Soup version 0.27-a0-1579-g97d2440184 (webtiles) character file.

Game seed: 16773366938217874363

0 bilbop the Caller (level 1, -1/10 HPs)
             Began as a Kobold Summoner on July 18, 2021.
             Slain by a quokka (2 damage)
             ... on level 1 of the Dungeon.
             The game lasted 00:01:53 (150 turns).

bilbop the Caller (Kobold Summoner)                  Turns: 150, Time: 00:01:53

Health: -1/10      AC:  2    Str:  5    XL:     1   Next: 11%
Magic:  0/3        EV: 15    Int: 16    God:
Gold:   15         SH:  0    Dex: 15    Spells: 3/4 levels left

rFire    . . .     SeeInvis .   (weapon restricted)
rCold    . . .     Faith    .   (shield restricted)
rNeg     . . .     Spirit   .   a - +0 robe
rPois    .         Reflect  .   (no helmet)
rElec    .         Harm     .   (no cloak)
rCorr    .         Rampage  .   (no gloves)
Will     .....                  (no boots)
Stlth    +++.......             (no amulet)
HPRegen  0.03/turn              (no ring)
MPRegen  0.08/turn              (no ring)

@: no status effects
A: small, no large weapons, nightstalker 3
a: no special abilities


You were on level 1 of the Dungeon.
You visited 1 branch of the dungeon, and saw 1 of its levels.

You collected 15 gold pieces.

Inventory:

Armour
 a - a +0 robe (worn)


   Skills:
 + Level 0.0 Fighting
 + Level 0.0 Short Blades
 + Level 2.4 Dodging
 + Level 2.7 Stealth
 + Level 2.2 Spellcasting
 + Level 4.0 Summonings


You had 3 spell levels left.
You knew the following spells:

 Your Spells              Type           Power      Damage    Failure   Level
a - Summon Small Mammal   Summ           56%        N/A       4%          1

Your spell library contained the following spells:

 Spells                   Type           Power      Damage    Failure   Level
 Call Imp                 Summ           14%        N/A       6%          2
 Call Canine Familiar     Summ           14%        N/A       12%         3
 Summon Guardian Golem    Hex/Summ       8%         N/A       26%         3
 Summon Lightning Spire   Summ/Air       8%         N/A       65%         4


Dungeon Overview and Level Annotations

Branches:
Dungeon (1/15)

Altars:


Innate Abilities, Weirdness & Mutations

You are small and have problems with some larger weapons.
You are completely attuned to the shadows.


Message History

The quokka barely misses you.
You swap places.
The quokka bites your rat.
Your rat dies!
Your rat's corpse disappears in a puff of smoke!
The quokka misses you. The quokka bites you.
Ouch! That really hurt!
Casting: Summon Small Mammal (safe; 4% risk of failure)
Confirm with . or Enter, or press ? or * to list all spells.
The quokka misses you.
You hit the quokka but do no damage.
The quokka bites you but does no damage.
Your quokka bites the quokka but does no damage.
You barely miss the quokka. The quokka closely misses you.
Your quokka closely misses the quokka.
Your quokka misses the quokka. You hit the quokka.
The quokka is lightly wounded.
The quokka misses you.
Your quokka barely misses the quokka.
The quokka barely misses you.
You hit the quokka but do no damage.
Your quokka bites the quokka.
The quokka barely misses you.
Your quokka closely misses the quokka.
You barely miss the quokka.
The quokka is lightly wounded.
The quokka barely misses you.
Your quokka bites the quokka.
You miss the quokka.
The quokka is almost dead.
The quokka misses you.
Your quokka misses the quokka. You barely miss the quokka.
The quokka is almost dead.
The quokka barely misses you.
Your quokka misses the quokka. You miss the quokka.
The quokka is almost dead.
The quokka bites you.
Your quokka closely misses the quokka.
The quokka bites you.
* * * LOW HITPOINT WARNING * * *
You miss the quokka.
The quokka is almost dead.
Your quokka barely misses the quokka.
The quokka bites you.
You die...

##.## . #.#####
#.# ......# #.#
#.###.####### #(#
#.#.....# #.#
#.#.###.###.##
#.#.....##...##
#.#...........#
#.#....r@#...##
####.#.#.#r..#.##
..............(.+
########.#...####
#.##.## #.####
#.#


You could see a quokka (ally target) and a friendly quokka (summoned).

Vanquished Creatures
  A frilled lizard (D:1)
1 creature vanquished.

Notes
Turn   | Place    | Note
-------+----------+-------------------------------------------
     0 | D:1      | bilbop the Kobold Summoner began the quest for the Orb.
     0 | D:1      | Reached XP level 1. HP: 10/10 MP: 3/3
   150 | D:1      | Slain by a quokka

Illustrated notes

Levels and vault maps discovered:
D:1:      heliophobic_arrival_battle_scene, layout_loops_corners,
          hellmonk_ecumenical_altar_leap_of_faith, corexii_corridor_pit,
          minmay_misc_feat_square

Action                   || total
-------------------------++-------
Melee: Unarmed           ||    10
 Cast: Summon Small Mamm ||     7
 Stab: Sleeping          ||     1
Armor: Robe              ||     1
Dodge: Dodged            ||    11

Table legend: (Time is in decaauts)
 A = Elapsed time spent in this place.
 B = Non-inter-level travel time spent in this place.
 C = Inter-level travel time spent in this place.
 D = Time resting spent in this place.
 E = Time spent auto-exploring this place.
 F = Levels seen in this place.
 G = Mean time per level.
                   A        B        C        D        E       F      G
               +--------+--------+--------+--------+--------+-----+--------+
         Total |    150 |    136 |     14 |      0 |     82 |   1 |  150.0 |
       Dungeon |    150 |    136 |     14 |      0 |     82 |   1 |  150.0 |
               +--------+--------+--------+--------+--------+-----+--------+

Top non-repeatable levels by time:
     D:1: 150 daAuts
